[Event "Titled Tuesday Blitz February 07 Late 2023"]
[White "Marcolino, Daniel Mattos"]
[Black "CheckBits"]
[WhiteFideId "2106841"]
[WhiteElo "2006"]
[BlackElo "2403"]
[Result "0-1"]
[Round "02"]
[TimeControl "180+2"]
[Date "2023.02.07"]
[WhiteClock "0:00:03"]
[BlackClock "0:00:58"]

1. d4 Nf6 2. Nf3 e6 3. g3 d5 4. Bg2 Be7 5. O-O c5 6. c4 cxd4 7. cxd5 Nxd5 8. Nxd4 O-O 9. a3 Bd7 10. e4 Nb6 11. Nc3 Nc6 12. Be3 Nxd4 13. Qxd4 Bc6 14. Rfd1 Qxd4 15. Bxd4 Rfd8 16. b3 Rd7 17. a4 Rad8 18. Be3 Bf6 19. Rxd7 Rxd7 20. Rc1 Rd3 21. Bxb6 axb6 22. e5 Bxe5 23. Bxc6 bxc6 24. Ne4 Rxb3 25. Rxc6 g6 26. Ng5 h6 27. Ne4 Rb4 28. Nc3 Bxc3 29. Rxc3 Rxa4 30. Rb3 Ra6 31. f4 Kf8 32. Kf2 Ke7 33. Ke3 Kd6 34. Kd4 Kc6 35. Kc4 Ra4+ 36. Kc3 b5 37. Rb2 Ra3+ 38. Kb4 Ra4+ 39. Kb3 Kc5 40. Rc2+ Rc4 41. Rd2 Rd4 42. Rc2+ Kb6 43. Rc8 Rd7 44. Rf8 Kc5 45. g4 Kd4 46. Rh8 Ke4 47. Rxh6 Kxf4 48. Kb4 Kxg4 49. Kxb5 e5 50. Kc4 e4 51. Rh8 Re7 52. Re8 Rxe8 0-1


[Site "https://www.chess.com"]

[Event "Titled Tuesday Blitz February 07 Late 2023"]
[White "Sabar, Ethmane Daouda"]
[Black "Bilan, Danila"]
[WhiteFideId "19600097"]
[BlackFideId "24161918"]
[WhiteElo "2040"]
[BlackElo "2303"]
[Result "0-1"]
[Round "02"]
[TimeControl "180+2"]
[Date "2023.02.07"]
[WhiteClock "0:00:03"]
[BlackClock "0:01:04"]

1. e4 c6 2. d4 d5 3. Nc3 b5 4. exd5 b4 5. Nce2 cxd5 6. Nf3 Nf6 7. Ng3 e6 8. Bd3 a5 9. O-O Ba6 10. Re1 Bd6 11. Ne5 Nbd7 12. Bg5 h6 13. Bxf6 Nxf6 14. Nf5 Bxd3 15. Qxd3 O-O 16. Nxd6 Qxd6 17. Re3 Ne4 18. Rh3 Rac8 19. Re1 Qc7 20. Qe3 Qxc2 21. f3 Ng5 22. Rg3 f5 23. Rxg5 f4 24. Qe2 Qxe2 25. Rxe2 hxg5 0-1


[Site "https://www.chess.com"]

[Event "Titled Tuesday Blitz February 07 Late 2023"]
[White "Herman, Daniel"]
[Black "Capp, Stephen"]
[WhiteFideId "30935008"]
[BlackFideId "2027089"]
[WhiteElo "1956"]
[BlackElo "1920"]
[Result "1-0"]
[Round "02"]
[TimeControl "180+2"]
[Date "2023.02.07"]
[WhiteClock "0:00:18"]
[BlackClock "0:00:03"]

1. c4 e5 2. g3 Nc6 3. Bg2 f5 4. Nc3 Nf6 5. d3 Bc5 6. Nf3 d6 7. e3 Bb6 8. O-O O-O 9. d4 e4 10. Ne1 Ne7 11. f3 exf3 12. Nxf3 c6 13. Rb1 d5 14. Ne5 Kh8 15. b4 Bc7 16. Bb2 Bxe5 17. dxe5 Ng4 18. Qd4 Be6 19. h3 Nh6 20. cxd5 Nxd5 21. Nxd5 cxd5 22. Rbd1 Qe7 23. Qc5 Qf7 24. Bxd5 Bxd5 25. Qxd5 Qg6 26. Kg2 f4 27. exf4 Nf5 28. Rd3 h5 29. e6 Rae8 30. Re1 h4 31. g4 Ne7 32. Qe5 Rf6 33. Rd7 Qc2+ 34. Re2 Qc6+ 35. Qe4 Rxe6 36. Qxc6 Rxe2+ 37. Kf3 Nxc6 38. Bxg7+ Kg8 39. g5 R8e3+ 40. Kg4 Rh2 41. g6 Rhxh3 42. Bf6 Rhg3+ 43. Kh5 h3 44. Rh7 Rg5+ 45. fxg5 1-0


[Site "https://www.chess.com"]

[Event "Titled Tuesday Blitz February 07 Late 2023"]
[White "Levine, David"]
[Black "Mesa Cruz, Juan Carlos"]
[WhiteFideId "2011611"]
[BlackFideId "6423400"]
[WhiteElo "2040"]
[BlackElo "2122"]
[Result "1-0"]
[Round "02"]
[TimeControl "180+2"]
[Date "2023.02.07"]
[WhiteClock "0:00:45"]
[BlackClock "0:00:12"]

1. d4 Nf6 2. c4 e6 3. g3 Bb4+ 4. Bd2 Qe7 5. Nf3 d5 6. Bg2 O-O 7. O-O dxc4 8. Ne5 Rd8 9. e3 c5 10. Bxb4 cxb4 11. Nxc4 Nc6 12. Nbd2 Bd7 13. Rc1 Rac8 14. Qe2 b6 15. Nf3 Nb8 16. Rfd1 Bb5 17. Nfe5 Nfd7 18. Qf3 Nxe5 19. Nxe5 f6 20. Rxc8 Rxc8 21. Nd3 Bc6 22. Qg4 Bxg2 23. Kxg2 a5 24. Qe4 Qd6 25. Rd2 Nd7 26. Nf4 Nf8 27. Rc2 Rxc2 28. Qxc2 g5 29. Nh5 Kf7 30. Qc8 Qd5+ 31. Kg1 Qxa2 32. Qc7+ Kg6 33. g4 Qb1+ 34. Kg2 Qe4+ 35. f3 Qc2+ 36. Qxc2+ Kf7 37. Qc7+ 1-0


[Site "https://www.chess.com"]

[Event "Titled Tuesday Blitz February 07 Late 2023"]
[White "Fernandez Garcia, Gumersindo"]
[Black "Souza, Gustavo Horokoski De"]
[WhiteFideId "24516740"]
[BlackFideId "2146584"]
[WhiteElo "2160"]
[BlackElo "1943"]
[Result "1-0"]
[Round "02"]
[TimeControl "180+2"]
[Date "2023.02.07"]
[WhiteClock "0:00:19"]
[BlackClock "0:00:07"]

1. e4 e6 2. d4 d5 3. Bd3 c5 4. exd5 exd5 5. dxc5 Bxc5 6. Nf3 Nf6 7. O-O O-O 8. h3 h6 9. Nc3 Nc6 10. Bf4 Be6 11. a3 a6 12. Re1 Rc8 13. Ne2 Qb6 14. Rf1 Qxb2 15. Rb1 Qxa3 16. Rxb7 Ne4 17. Nd2 Na5 18. Rb1 Nxd2 19. Bxd2 Nc4 20. Bxc4 dxc4 21. Bc3 Rfd8 22. Qe1 Qa4 23. Ra1 Qxc2 24. Rxa6 Ra8 25. Rxa8 Rxa8 26. Nf4 Bf5 27. Qe5 Bf8 28. Nd5 Bd3 29. Re1 Ra6 30. Ne7+ Kh8 31. Nd5 Re6 32. Qb8 Rxe1+ 33. Bxe1 Kg8 34. Ne7+ Kh7 35. Qxf8 Qd1 36. Qg8# 1-0


[Site "https://www.chess.com"]

[Event "Titled Tuesday Blitz February 07 Late 2023"]
[White "Jesusesmifuerza"]
[Black "Kovacs, Klara"]
[BlackFideId "733210"]
[WhiteElo "2043"]
[BlackElo "2121"]
[Result "1/2-1/2"]
[Round "02"]
[TimeControl "180+2"]
[Date "2023.02.07"]
[WhiteClock "0:00:20"]
[BlackClock "0:00:55"]

1. d4 e6 2. Nc3 Nf6 3. Bf4 Be7 4. Nb5 Na6 5. e3 O-O 6. Nf3 d6 7. Be2 Bd7 8. O-O Re8 9. h3 Nh5 10. Bh2 Bf8 11. c4 Nb4 12. a3 Nc6 13. d5 exd5 14. cxd5 Ne5 15. Nxe5 dxe5 16. Nxc7 Qxc7 17. Bxh5 Qb6 18. Qd2 e4 19. Be2 Rad8 20. Rfd1 Qg6 21. Kh1 Bd6 22. Rac1 Bxh2 23. Kxh2 Be6 24. Qa5 b6 25. Qxa7 Bxd5 26. Qc7 h5 27. Qg3 Qf6 28. Rd4 h4 29. Qf4 Qe7 30. Rcd1 Bc6 31. Bc4 Rxd4 32. Rxd4 g6 33. Qd6 Qb7 34. Qxg6+ Kf8 35. Qh6+ Kg8 36. Qg5+ Kf8 37. Qh6+ Kg8 38. Qg5+ Kf8 39. Qh6+ 1/2-1/2


[Site "https://www.chess.com"]

[Event "Titled Tuesday Blitz February 07 Late 2023"]
[White "Haszon, David"]
[Black "Necula, Iulian"]
[WhiteFideId "733610"]
[BlackFideId "1232380"]
[WhiteElo "2264"]
[BlackElo "1851"]
[Result "0-1"]
[Round "02"]
[TimeControl "180+2"]
[Date "2023.02.07"]
[WhiteClock "0:01:29"]
[BlackClock "0:01:56"]

1. e4 c5 2. c3 d5 3. exd5 Qxd5 4. d4 cxd4 5. Nf3 g6 6. cxd4 Bg7 7. Nc3 Qd8 8. Bc4 Nf6 9. O-O O-O 10. Re1 Bg4 11. Be3 Nc6 12. Be2 Nd5 13. Nxd5 Qxd5 14. h3 Bf5 15. Qa4 a6 16. Red1 b5 17. Qa3 Bc2 18. Rdc1 b4 19. Bc4 Qxc4 20. Qb3 Bxb3 21. Rxc4 Bxc4 0-1


[Site "https://www.chess.com"]

[Event "Titled Tuesday Blitz February 07 Late 2023"]
[White "Saya, Ethan"]
[Black "Shapiro, Bryan"]
[WhiteFideId "26095181"]
[BlackFideId "2087740"]
[WhiteElo "2181"]
[BlackElo "1972"]
[Result "1-0"]
[Round "02"]
[TimeControl "180+2"]
[Date "2023.02.07"]
[WhiteClock "0:00:51"]
[BlackClock "0:00:10"]

1. e4 e5 2. Nf3 Nc6 3. Bc4 Bc5 4. c3 Nf6 5. d4 exd4 6. cxd4 Bb4+ 7. Bd2 Bxd2+ 8. Nbxd2 d5 9. exd5 Nxd5 10. Qb3 Be6 11. Qxb7 Ncb4 12. Bxd5 Rb8 13. Bc6+ Kf8 14. Qxa7 Nc2+ 15. Ke2 Nxa1 16. Qc5+ Qe7 17. Qxe7+ Kxe7 18. Rxa1 Rxb2 19. a4 Kd6 20. Bb5 c6 21. Bd3 Bd5 22. Kf1 Ra8 23. a5 Kc7 24. Bc4 f6 25. g3 g5 26. h3 h5 27. g4 hxg4 28. hxg4 Rh8 29. Kg2 Rxd2 30. Bxd5 Rb2 31. Be4 Re8 32. a6 Ra8 33. d5 cxd5 34. Bxd5 Ra7 35. Rc1+ Kb6 36. Bb7 Rb4 37. Rc6+ Kb5 38. Rxf6 Rxg4+ 39. Kh3 Rf4 40. Rxf4 gxf4 41. Kg4 Kc5 42. Kxf4 Kd6 43. Nd4 Ke7 44. Nc6+ 1-0


[Site "https://www.chess.com"]

[Event "Titled Tuesday Blitz February 07 Late 2023"]
[White "Desideri, Ricardo Maruchi"]
[Black "Becerra, Juan David"]
[WhiteFideId "2110440"]
[BlackFideId "4404998"]
[WhiteElo "1959"]
[BlackElo "2382"]
[Result "0-1"]
[Round "02"]
[TimeControl "180+2"]
[Date "2023.02.07"]
[WhiteClock "0:00:01"]
[BlackClock "0:01:21"]

1. e4 c5 2. Nf3 d6 3. d4 cxd4 4. Nxd4 Nf6 5. Nc3 a6 6. Rg1 e5 7. Nb3 Be6 8. g4 d5 9. exd5 Nxd5 10. Ne4 f6 11. c4 Nc7 12. Qxd8+ Kxd8 13. Be3 Bb4+ 14. Nbd2 Nd7 15. O-O-O Ke8 16. a3 Be7 17. Nb3 Kf7 18. Nbc5 Nxc5 19. Nxc5 Bxc5 20. Bxc5 Rac8 21. Bb6 Na8 22. Ba5 Bxc4 23. Kb1 Bxf1 24. Rgxf1 b6 25. Rd7+ Ke6 26. Rfd1 Rc6 27. Bb4 Re8 28. Rxg7 a5 29. Bc3 Re7 30. Rg8 Nc7 31. h4 Nd5 32. Bd2 Rd7 33. g5 Rcd6 34. Bc1 Nc3+ 35. bxc3 Rxd1 36. gxf6 Rf1 37. Kc2 Rxf2+ 38. Kb3 Rxf6 39. Bg5 Rf3 40. Re8+ Kd5 0-1


[Site "https://www.chess.com"]

[Event "Titled Tuesday Blitz February 07 Late 2023"]
[White "Forgacs, Attila Jr."]
[Black "Mohammadian, Mohammad"]
[WhiteFideId "773654"]
[BlackFideId "12566055"]
[WhiteElo "2264"]
[BlackElo "1398"]
[Result "1-0"]
[Round "02"]
[TimeControl "180+2"]
[Date "2023.02.07"]
[WhiteClock "0:00:36"]
[BlackClock "0:00:06"]

1. e4 e5 2. Nf3 Nc6 3. Bb5 a6 4. Ba4 Nf6 5. O-O Be7 6. Re1 b5 7. Bb3 d6 8. c3 Na5 9. Bc2 c5 10. h3 Bd7 11. d4 Qc7 12. Nbd2 O-O 13. Nf1 Rfe8 14. Ng3 Nc6 15. d5 Na5 16. Rf1 Nb7 17. Nh2 c4 18. f4 exf4 19. Bxf4 Nc5 20. Qd2 Bf8 21. Rae1 Qc8 22. e5 dxe5 23. Bxe5 Qd8 24. Bxf6 gxf6 25. Nh5 f5 26. Rxe8 Bxe8 27. Rxf5 Qb6 28. Nf6+ Kh8 29. Kh1 Bg7 30. Nhg4 Rd8 31. Rh5 h6 32. Rxh6+ Bxh6 33. Qxh6# 1-0


[Site "https://www.chess.com"]

[Event "Titled Tuesday Blitz February 07 Late 2023"]
[White "Butolo, Alexandru-Mircea"]
[Black "Aguilar, Juan"]
[WhiteFideId "1261649"]
[BlackFideId "3800091"]
[WhiteElo "2033"]
[BlackElo "2254"]
[Result "0-1"]
[Round "02"]
[TimeControl "180+2"]
[Date "2023.02.07"]
[WhiteClock "0:01:51"]
[BlackClock "0:01:53"]

1. d4 g6 2. e4 Bg7 3. Nf3 d6 4. Be2 Nf6 5. Nc3 O-O 6. O-O c6 7. h3 Qc7 8. a4 a5 9. Be3 e5 10. d5 cxd5 11. exd5 Na6 12. Nd2 Nb4 13. Nb5 Qe7 14. c4 Bf5 15. c5 Nfxd5 16. cxd6 Qd7 17. Nb3 Nxe3 18. fxe3 Rfc8 19. Rc1 Bh6 20. Qd2 Rc2 21. Rxc2 Nxc2 22. Qxc2 Bxc2 0-1


[Site "https://www.chess.com"]

[Event "Titled Tuesday Blitz February 07 Late 2023"]
[White "Ramirez, Alejandro"]
[Black "So, Wesley"]
[WhiteFideId "6500617"]
[BlackFideId "5202213"]
[WhiteElo "2572"]
[BlackElo "2760"]
[Result "0-1"]
[Round "03"]
[TimeControl "180+2"]
[Date "2023.02.07"]
[WhiteClock "0:00:04"]
[BlackClock "0:00:16"]

1. Nf3 c5 2. c4 Nf6 3. g3 d5 4. cxd5 Nxd5 5. d4 cxd4 6. Nxd4 e5 7. Nc2 Nc6 8. Bg2 Be6 9. O-O Be7 10. Ne3 Nf6 11. Nc3 O-O 12. Qa4 Nd4 13. Bxb7 Rb8 14. Bg2 Qc7 15. Ned5 Nxe2+ 16. Kh1 Nxc3 17. Nxe7+ Qxe7 18. bxc3 Rfc8 19. Be3 Rc7 20. Rab1 Rbc8 21. Kg1 h6 22. h3 Nd5 23. Bd2 Nxc3 24. Bxc3 Rxc3 25. Rb7 R3c7 26. Qxa7 Bxh3 27. Rxc7 Rxc7 28. Qb8+ Rc8 29. Qb6 Bxg2 30. Kxg2 Ra8 31. Re1 f6 32. Re2 Qa7 33. Qb3+ Qf7 34. Qb1 Qd5+ 35. Kh2 Kf7 36. Rb2 Ra7 37. a4 h5 38. a5 Qxa5 39. Qf5 g6 40. Qc8 Qc7 41. Qh8 Ke6 42. Qg8+ Kf5 43. f3 Kg5 44. Rf2 Qg7 45. f4+ exf4 46. gxf4+ Kh6 47. Qb8 Rb7 48. Qc8 Kh7 49. Rg2 Qd7 50. Qf8 Qe7 51. Qc8 Qc7 52. Qf8 Qxf4+ 53. Kg1 Rb1# 0-1


[Site "https://www.chess.com"]

[Event "Titled Tuesday Blitz February 07 Late 2023"]
[White "Naroditsky, Daniel"]
[Black "Pakleza, Zbigniew"]
[WhiteFideId "2026961"]
[BlackFideId "1119290"]
[WhiteElo "2618"]
[BlackElo "2494"]
[Result "1-0"]
[Round "03"]
[TimeControl "180+2"]
[Date "2023.02.07"]
[WhiteClock "0:00:33"]
[BlackClock "0:00:06"]

1. e4 d6 2. Nc3 Nf6 3. Bc4 c6 4. Nf3 d5 5. exd5 cxd5 6. Bb5+ Nc6 7. Ne5 Qb6 8. O-O a6 9. Ba4 e6 10. d4 Be7 11. Ne2 O-O 12. c4 Nxe5 13. dxe5 Nd7 14. cxd5 Nxe5 15. Be3 Qd8 16. Bb3 exd5 17. Qxd5 Qxd5 18. Bxd5 Rd8 19. Rfd1 Nc6 20. Bb6 Re8 21. Rac1 Bf6 22. Nd4 Nb4 23. Bb3 Bg4 24. f3 Bd7 25. Rc7 Be6 26. Nxe6 fxe6 27. Rxb7 Nd5 28. Bd4 Bxd4+ 29. Rxd4 Rad8 30. Ra7 Rd6 31. Bc4 Rb8 32. b3 Rbb6 33. Kf2 h6 34. h4 Kh7 35. Rg4 1-0


[Site "https://www.chess.com"]

[Event "Titled Tuesday Blitz February 07 Late 2023"]
[White "Mikaelyan, Arman"]
[Black "Dubov, Daniil"]
[WhiteFideId "13304852"]
[BlackFideId "24126055"]
[WhiteElo "2523"]
[BlackElo "2708"]
[Result "0-1"]
[Round "03"]
[TimeControl "180+2"]
[Date "2023.02.07"]
[WhiteClock "0:00:02"]
[BlackClock "0:00:17"]

1. d4 Nf6 2. c4 g6 3. Nc3 Bg7 4. e4 d6 5. f4 Nc6 6. Nf3 Bg4 7. Be2 e5 8. fxe5 dxe5 9. d5 Nd4 10. O-O O-O 11. Bg5 Qd6 12. Kh1 Bxf3 13. Bxf3 Nd7 14. Nb5 Qb6 15. Nxd4 exd4 16. Qd2 a5 17. Rac1 Rae8 18. Rfe1 Be5 19. Bh6 Nc5 20. Bxf8 Rxf8 21. Red1 Re8 22. b3 Qd6 23. g3 b6 24. Bg2 Kg7 25. Rf1 h5 26. Qg5 f6 27. Qd2 Rh8 28. Rf3 h4 29. g4 Nxe4 30. Qe2 Ng5 31. Rd3 Bxh2 32. Rxd4 h3 33. Bf1 Be5 34. Rd3 Rh4 35. Re1 Qc5 36. Re3 Qd4 37. Rxe5 fxe5 38. Qxe5+ Qxe5 39. Rxe5 Rxg4 40. Re7+ Kf6 41. Re3 Re4 42. Rxe4 Nxe4 43. Kh2 Ke5 44. Bxh3 Nc3 45. a3 Nb1 46. Kg3 Nxa3 47. Kf2 Nc2 48. Ke2 Nd4+ 49. Kd3 Nxb3 50. Bg2 Nc5+ 51. Kc3 g5 52. Bf3 Kf4 53. Bh5 Ke3 54. Bg4 Ne4+ 55. Kb3 Kd4 56. Bf3 0-1


[Site "https://www.chess.com"]

[Event "Titled Tuesday Blitz February 07 Late 2023"]
[White "Andreikin, Dmitry"]
[Black "Boros, Denes"]
[WhiteFideId "4158814"]
[BlackFideId "722340"]
[WhiteElo "2729"]
[BlackElo "2406"]
[Result "1-0"]
[Round "03"]
[TimeControl "180+2"]
[Date "2023.02.07"]
[WhiteClock "0:00:40"]
[BlackClock "0:00:10"]

1. c4 c5 2. Nc3 g6 3. g3 Bg7 4. Bg2 Nf6 5. Nf3 O-O 6. d4 d6 7. O-O Nbd7 8. b3 a6 9. Bb2 Rb8 10. a4 cxd4 11. Nxd4 Qc7 12. e4 e6 13. Rc1 b6 14. Qe2 Bb7 15. Rfd1 Rfe8 16. Ndb5 axb5 17. Nxb5 Qc5 18. Nxd6 e5 19. Qd2 Nf8 20. b4 Qc7 21. Nxe8 Rxe8 22. c5 Nxe4 23. Qe3 Nf6 24. cxb6 Qb8 25. a5 Bxg2 26. Kxg2 Qa8+ 27. Kg1 h5 28. Ra1 Ng4 29. Qe2 Qb7 30. Qb5 Re6 31. Qd5 Qe7 32. b7 Qxb4 33. Ba3 Qb3 34. Qxb3 1-0


[Site "https://www.chess.com"]

[Event "Titled Tuesday Blitz February 07 Late 2023"]
[White "Borges Feria, Yasel"]
[Black "Duda, Jan-Krzysztof"]
[WhiteFideId "3504921"]
[BlackFideId "1170546"]
[WhiteElo "2439"]
[BlackElo "2724"]
[Result "0-1"]
[Round "03"]
[TimeControl "180+2"]
[Date "2023.02.07"]
[WhiteClock "0:01:35"]
[BlackClock "0:01:36"]

1. e4 e6 2. d4 d5 3. exd5 exd5 4. Nf3 Bd6 5. Bd3 Nc6 6. O-O Bg4 7. c3 Qd7 8. Re1+ Nge7 9. Nbd2 f6 10. Nf1 O-O-O 11. b4 g5 12. a4 h5 13. a5 Rde8 14. b5 Nd8 15. b6 cxb6 16. axb6 a6 17. Ne3 Be6 18. Nd2 g4 19. Nb3 h4 20. Nf1 Nec6 21. Ba3 g3 22. Bxd6 gxf2+ 23. Kxf2 Qxd6 24. Kg1 Kb8 25. Nc5 Bc8 26. Qd2 Ne6 0-1


[Site "https://www.chess.com"]

[Event "Titled Tuesday Blitz February 07 Late 2023"]
[White "Milikow, Yoav"]
[Black "Vachier-Lagrave, Maxime"]
[WhiteFideId "2822237"]
[BlackFideId "623539"]
[WhiteElo "2394"]
[BlackElo "2742"]
[Result "1-0"]
[Round "03"]
[TimeControl "180+2"]
[Date "2023.02.07"]
[WhiteClock "0:00:16"]
[BlackClock "0:00:06"]

1. d4 Nf6 2. c4 e6 3. Nc3 Bb4 4. Qc2 c5 5. dxc5 O-O 6. Nf3 Na6 7. g3 Nxc5 8. Bg2 b6 9. O-O Bb7 10. Nb5 Nce4 11. a3 Be7 12. Bf4 a6 13. Nc3 Rc8 14. Nxe4 Bxe4 15. Qb3 d5 16. cxd5 Bxd5 17. Qd1 Qd7 18. b4 Qb7 19. Qb1 Ne4 20. Be5 Nd2 21. Nxd2 Bxg2 22. Rd1 Bd5 23. Qb2 f6 24. Bc3 Rfd8 25. Nf1 Be4 26. Ne3 Kf7 27. f3 Bc6 28. Kg2 Ba4 29. Rxd8 Rxd8 30. Kf2 Qc6 31. Rc1 Qb5 32. Bd4 Qh5 33. h4 b5 34. Rc7 Ke8 35. Qc3 Kf8 36. Rxe7 Kxe7 37. Qc7+ Ke8 38. Bb6 Rd2 39. Qxg7 Qf7 40. Qh8+ Ke7 41. Bc5+ Kd7 42. Qa8 Qg6 43. Qb7+ Kd8 44. Ng4 Qd3 45. Bb6+ Ke8 46. Nxf6+ 1-0


[Site "https://www.chess.com"]

[Event "Titled Tuesday Blitz February 07 Late 2023"]
[White "Deac, Bogdan-Daniel"]
[Black "Kosakowski, Jakub"]
[WhiteFideId "1226380"]
[BlackFideId "1185080"]
[WhiteElo "2700"]
[BlackElo "2485"]
[Result "1-0"]
[Round "03"]
[TimeControl "180+2"]
[Date "2023.02.07"]
[WhiteClock "0:00:05"]
[BlackClock "0:00:06"]

1. c4 e5 2. d3 Nf6 3. Nf3 Nc6 4. a3 d5 5. cxd5 Nxd5 6. e4 Nb6 7. Be3 Be7 8. Nbd2 O-O 9. Rc1 Be6 10. Be2 Qd6 11. O-O Nd4 12. Bxd4 exd4 13. Nb3 Bxb3 14. Qxb3 c5 15. a4 Nd7 16. g3 Rab8 17. Nd2 a6 18. a5 Qc7 19. Qa2 Ne5 20. f4 Nc6 21. Nc4 Rfe8 22. e5 Qd7 23. Bf3 Bf8 24. Rce1 g6 25. Be4 Kh8 26. h4 f6 27. exf6 Qf7 28. f5 gxf5 29. Rxf5 Nb4 30. Qb3 b5 31. axb6 Rxb6 32. Ref1 Rbe6 33. Ne5 Qc7 34. Rh5 Rxe5 35. Rxh7+ Qxh7 36. Bxh7 Kxh7 37. Qf7+ Kh8 38. Qg6 R8e6 39. Rf5 Rxf5 40. Qxf5 Rd6 41. Qh5+ Kg8 42. Qg6+ Kh8 43. Qf7 Bh6 44. Qe8+ Kh7 45. Qe7+ Kg6 46. Qxd6 Be3+ 47. Kg2 Nxd3 48. Qe6 Ne1+ 49. Kh3 c4 50. f7+ Kg7 51. Qe8 1-0


[Site "https://www.chess.com"]

[Event "Titled Tuesday Blitz February 07 Late 2023"]
[White "Nogerbek, Kazybek"]
[Black "Fedoseev, Vladimir"]
[WhiteFideId "13710427"]
[BlackFideId "24130737"]
[WhiteElo "2474"]
[BlackElo "2680"]
[Result "0-1"]
[Round "03"]
[TimeControl "180+2"]
[Date "2023.02.07"]
[WhiteClock "0:01:21"]
[BlackClock "0:01:33"]

1. e4 c5 2. Nf3 e6 3. c3 Nf6 4. e5 Nd5 5. d4 cxd4 6. cxd4 d6 7. Bc4 Nc6 8. O-O Be7 9. Bd2 O-O 10. Nc3 Nb6 11. Bb3 d5 12. Bc2 f5 13. exf6 gxf6 14. Re1 Rf7 15. Bd3 Bd6 16. Ne2 e5 17. dxe5 fxe5 18. Ng5 Rg7 19. Nxh7 e4 20. Bc3 Rxh7 0-1


[Site "https://www.chess.com"]

[Event "Titled Tuesday Blitz February 07 Late 2023"]
[White "Salem, A.R. Saleh"]
[Black "Halkias, Stelios"]
[WhiteFideId "9301348"]
[BlackFideId "4201809"]
[WhiteElo "2677"]
[BlackElo "2511"]
[Result "1-0"]
[Round "03"]
[TimeControl "180+2"]
[Date "2023.02.07"]
[WhiteClock "0:00:34"]
[BlackClock "0:00:06"]

1. e4 c5 2. Nf3 Nc6 3. Bc4 e6 4. O-O a6 5. Re1 b5 6. Bf1 Bb7 7. c3 Nf6 8. d4 d5 9. e5 Ne4 10. Nbd2 Be7 11. Bd3 cxd4 12. cxd4 Nb4 13. Bb1 a5 14. a3 Na6 15. Nxe4 dxe4 16. Bxe4 Bxe4 17. Rxe4 Nc7 18. Qe2 O-O 19. Rg4 Kh8 20. Bg5 Nd5 21. Qxb5 Rb8 22. Qe2 h6 23. Bxe7 Qxe7 24. Ne1 Rb6 25. Nd3 Rfb8 26. Rc1 Qe8 27. h3 Rb3 28. Rg3 Qb5 29. Rc5 Qb6 30. Qg4 g6 31. h4 Ne7 32. h5 Nf5 33. Rf3 Rg8 34. hxg6 Rxg6 35. Qe4 Rg5 36. Rc8+ Kg7 37. Qa8 Qxd4 38. Rg8+ Kh7 39. Rh8+ Kg6 40. Nf4+ Qxf4 41. Rxf4 1-0


[Site "https://www.chess.com"]

[Event "Titled Tuesday Blitz February 07 Late 2023"]
[White "Oganian, Miran"]
[Black "Martinez Alcantara, Jose Eduardo"]
[WhiteFideId "4122488"]
[BlackFideId "3805662"]
[WhiteElo "2439"]
[BlackElo "2619"]
[Result "1/2-1/2"]
[Round "03"]
[TimeControl "180+2"]
[Date "2023.02.07"]
[WhiteClock "0:01:27"]
[BlackClock "0:00:52"]

1. e4 e5 2. Nf3 Nf6 3. Nc3 Nc6 4. d4 exd4 5. Nxd4 Bb4 6. Nxc6 bxc6 7. Bd3 O-O 8. O-O Re8 9. h3 h6 10. Qf3 d6 11. Bf4 Nd7 12. Qg3 Qf6 13. Rad1 Bxc3 14. bxc3 Nc5 15. Rfe1 Nxd3 16. cxd3 Qg6 17. Qxg6 fxg6 18. Rb1 g5 19. Bg3 a5 20. e5 d5 21. d4 Ba6 22. e6 Re7 23. Re3 Rae8 24. Rbe1 Bc8 25. a3 Bxe6 26. Bxc7 Rxc7 27. Rxe6 Rxe6 28. Rxe6 Kf7 29. Rd6 Ke7 30. Rg6 Kf7 31. Rd6 Ke7 32. Rg6 Kf7 33. Rd6 1/2-1/2


[Site "https://www.chess.com"]

[Event "Titled Tuesday Blitz February 07 Late 2023"]
[White "Kollars, Dmitrij"]
[Black "Cabarkapa, Novak"]
[WhiteFideId "12909572"]
[BlackFideId "943746"]
[WhiteElo "2607"]
[BlackElo "2458"]
[Result "1-0"]
[Round "03"]
[TimeControl "180+2"]
[Date "2023.02.07"]
[WhiteClock "0:00:13"]
[BlackClock "0:00:08"]

1. e4 e6 2. d4 d5 3. Nd2 h6 4. Ngf3 Nf6 5. Bd3 c5 6. exd5 Nxd5 7. O-O Nc6 8. dxc5 Bxc5 9. a3 O-O 10. Ne4 Be7 11. c4 Nf6 12. Qe2 Nxe4 13. Qxe4 f5 14. Qe2 Bf6 15. Be3 e5 16. Rad1 Qe7 17. Bb1 Be6 18. b4 b6 19. Rfe1 Rad8 20. c5 e4 21. Nd2 Nd4 22. Bxd4 Bxd4 23. cxb6 Bxb6 24. Nc4 Bd4 25. Na5 Qc7 26. Rc1 Qb6 27. Rc6 Qb8 28. Rxe6 Bc3 29. Nc6 Qf4 30. g3 Qg5 31. h4 Qd2 32. Nxd8 Qxe1+ 33. Qxe1 Bxe1 34. Ba2 Kh7 35. Nc6 f4 36. Rxe4 fxg3 37. fxg3 Bxg3 38. Bb1 Kh8 39. Ne7 Rd8 40. Ng6+ Kh7 41. Rg4 Rd1+ 42. Kg2 Rxb1 43. Rxg3 Rb2+ 44. Kh3 a5 45. bxa5 Rb5 46. Nf8+ Kg8 47. Ne6 Rxa5 48. Rxg7+ Kh8 49. Rg3 h5 50. Nf4 Rf5 51. Ne6 Rf6 52. Ng5 Ra6 53. Rb3 Ra4 54. Nf3 Kh7 55. Nd2 Kg6 56. Nb1 Kf5 57. Nc3 Rd4 58. Nb5 Ra4 59. Rb4 Ra5 60. a4 Kg6 61. Nc3 Kf6 62. Rb6+ Kg7 63. Rb5 Ra6 64. Rxh5 Kg6 65. Rg5+ Kh6 66. Rb5 Rc6 67. Ne4 Rc4 68. Rb6+ Kh5 69. Ng3# 1-0


[Site "https://www.chess.com"]

[Event "Titled Tuesday Blitz February 07 Late 2023"]
[White "Fernandez Guillen, Ernesto J."]
[Black "Bluebaum, Matthias"]
[WhiteFideId "3512428"]
[BlackFideId "24651516"]
[WhiteElo "2477"]
[BlackElo "2669"]
[Result "0-1"]
[Round "03"]
[TimeControl "180+2"]
[Date "2023.02.07"]
[WhiteClock "0:00:07"]
[BlackClock "0:00:06"]

1. e4 e6 2. Nf3 d5 3. Nc3 Nf6 4. e5 Nfd7 5. d4 c5 6. Ne2 Nc6 7. c3 Be7 8. a3 O-O 9. b4 cxd4 10. cxd4 f6 11. Nf4 Ndxe5 12. dxe5 fxe5 13. Ne2 e4 14. Nfd4 Nxd4 15. Nxd4 e5 16. Nb3 Qb6 17. Ra2 d4 18. Bc4+ Kh8 19. O-O Qg6 20. Re1 Bg4 21. Be2 Bf3 22. g3 Qe6 23. Bxf3 exf3 24. Re4 Rac8 25. Rb2 Qf5 26. Qe1 Bd6 27. Bd2 Rc7 28. Nc5 Bxc5 29. bxc5 Rxc5 30. Rxb7 Rc2 31. Rxe5 Qh3 32. Qf1 Qxf1+ 33. Kxf1 Rxd2 34. Ke1 Ra2 35. Ree7 Rc8 36. Kd1 Rxf2 37. Rxg7 Rxh2 38. Rgf7 f2 39. Ke2 Re8+ 40. Kd3 Kg8 41. Rf4 Rf8 42. Rxf8+ Kxf8 43. Rb1 Rh3 44. Rf1 Rxg3+ 45. Ke4 Re3+ 46. Kxd4 Rf3 47. Ke4 Rf7 48. Ke3 h5 49. Ke2 h4 50. Rh1 f1=Q+ 51. Rxf1 Rxf1 52. Kxf1 Ke7 53. Kg2 Kd6 54. Kh3 Kc5 55. Kxh4 Kb5 56. Kg3 Ka4 57. Kf2 Kxa3 58. Ke3 a5 59. Kd4 Kb3 0-1


[Site "https://www.chess.com"]

[Event "Titled Tuesday Blitz February 07 Late 2023"]
[White "Paravyan, David"]
[Black "Goltsev, Dmitry"]
[WhiteFideId "4194985"]
[BlackFideId "24176710"]
[WhiteElo "2601"]
[BlackElo "2269"]
[Result "1-0"]
[Round "03"]
[TimeControl "180+2"]
[Date "2023.02.07"]
[WhiteClock "0:01:28"]
[BlackClock "0:00:35"]

1. Nf3 d5 2. g3 c6 3. Bg2 Nf6 4. O-O g6 5. b3 Bg7 6. Bb2 O-O 7. c4 Ne8 8. Qc1 Nd7 9. cxd5 cxd5 10. Bxg7 Kxg7 11. Nc3 e6 12. Qb2 f6 13. e4 Nb6 14. exd5 Nxd5 15. Nxd5 Qxd5 16. Rfe1 Nd6 17. Nd4 Qa5 18. Nxe6+ Bxe6 19. Rxe6 Rad8 20. Rae1 Nf5 21. Qc3 Qxa2 22. g4 Nd4 23. Re7+ Kh8 24. Rxb7 Qc2 25. Qxc2 Nxc2 26. Ree7 Rfe8 27. Rxh7+ Kg8 28. Bc6 Re1+ 29. Kg2 Rxd2 30. Rhg7+ Kh8 31. Rgc7 Rd8 32. Bd5 1-0


[Site "https://www.chess.com"]